 Dungeon Crawl Stone Soup version 0.21-a0-442-g848f44b (webtiles) character file.

176 kae the Insei (level 5, 0/42 HPs)
             Began as a Draconian Transmuter on Nov 16, 2017.
             Slain by a worm (10 damage)
             ... on level 3 of the Dungeon.
             The game lasted 00:03:40 (3537 turns).

kae the Insei (Draconian Transmuter)                Turns: 3537, Time: 00:03:41

Health: 0/42       AC:  5    Str: 12    XL:     5   Next: 30%
Magic:  9/9        EV: 11    Int: 13    God:
Gold:   116        SH:  3    Dex: 13    Spells: 6/9 levels left

rFire    . . .     SeeInvis .   f - +0 whip
rCold    . . .     Gourm    .   m - +0 buckler
rNeg     . . .     Faith    .   (armour unavailable)
rPois    .         Spirit   .   (helmet restricted)
rElec    .         Reflect  .   (no cloak)
rCorr    +         Harm     .   (no gloves)
MR       .....                  (no boots)
Stlth    +.........             (no amulet)
HPRegen  0.14/turn              d - ring of resist corrosion
MPRegen  0.11/turn              (no ring)

@: no status effects
A: unfitting armour, cold-blooded, AC +5
a: no special abilities


You were on level 3 of the Dungeon.
You were not hungry.

You visited 1 branch of the dungeon, and saw 3 of its levels.

You collected 116 gold pieces.

Inventory:

Hand Weapons
 f - a +0 whip (weapon)
Missiles
 a - 22 arrows
Armour
 m - a +0 buckler (worn)
Jewellery
 d - a ring of resist corrosion (left hand)
Scrolls
 g - a scroll of random uselessness
 l - a scroll of enchant armour {unknown}
 q - a scroll of teleportation {unknown}
 s - a scroll of recharging
 t - a scroll of identify
Potions
 e - 2 potions of brilliance
 h - 3 potions of curing
 i - a potion of heal wounds {unknown}
 o - a potion of degeneration {unknown}
 p - a potion of might {unknown}
Books
 b - a book of Changes

   Spells                             Type                      Level
   a - Beastly Appendage              Transmutation                1
   b - Sticks to Snakes               Transmutation                2
   c - Spider Form                    Transmutation/Poison         3
   d - Ice Form                       Ice/Transmutation            4
   e - Blade Hands                    Transmutation                5
Comestibles
 c - 2 bread rations
 j - a meat ration
 k - 5 fruits
 n - 2 royal jellies
 r - 2 chunks of flesh


   Skills:
 + Level 2.5 Fighting
 - Level 1.7 Dodging
 * Level 4.1 Unarmed Combat
 + Level 2.8 Spellcasting
 * Level 3.5 Transmutations


You had 6 spell levels left.
You knew the following spells:

 Your Spells              Type           Power        Failure   Level  Hunger
a - Beastly Appendage     Tmut           ##....       9%          1    #......
b - Sticks to Snakes      Tmut           ##......     14%         2    ###....


Dungeon Overview and Level Annotations

Branches:
Dungeon (3/15)

Altars:

Annotations:
D:2 Sigmund
D:3 exclusion: 2 gnolls


Innate Abilities, Weirdness & Mutations

Your plain brown scales are hard. (AC +5)
You cannot fit into any form of body armour.
You are cold-blooded and may be slowed by cold attacks.


Message History

* * * LOW HITPOINT WARNING * * *
The adder bites you but does no damage.
You hit the adder.
The adder is almost dead.
The adder bites you but does no damage.
You hit the adder.
You kill the adder!
The worm bites you but does no damage.
Your horns disappear.
The worm closely misses you.
You hit the worm.
The worm is heavily wounded.
You hit the worm but do no damage.
The worm is heavily wounded.
The worm bites you.
* * * LOW HITPOINT WARNING * * *
You hit the worm but do no damage.
The worm is heavily wounded.
The worm bites you!
You die...

#..........##.####....
.......... #.#....##.
#........###.........
##.......)............ #####
##>......#.###..#...##. ...$.
##........#.#......#.... ......
#.....................## ......
#......)..............#
......####......@w...#.........#
.....w.?............##.........#
...............................#
.......<...........###.........#
....................##.........#
..?......<..........##....(....#
....................####...#####
####................# #..##
##...##..........####.###


You could see a worm.

Vanquished Creatures
  4 adders
  2 worms (D:2)
  3 dart slugs (D:1)
  A leopard gecko (D:1)
  An orc (D:3)
  2 ball pythons (D:1)
  2 giant cockroaches
  10 hobgoblins
  10 jackals
  11 kobolds
  3 quokkas
  5 bats
  3 frilled lizards
  8 goblins
  10 rats
75 creatures vanquished.

Vanquished Creatures (collateral kills)
  A bullfrog (D:2)
1 creature vanquished.

Grand Total: 76 creatures vanquished

Notes
Turn   | Place    | Note
-------+----------+-------------------------------------------
     0 | D:1      | kae the Draconian Transmuter began the quest for the Orb.
     0 | D:1      | Reached XP level 1. HP: 16/16 MP: 3/3
   444 | D:1      | Reached XP level 2. HP: 21/23 MP: 5/5
   457 | D:1      | Learned a level 2 spell: Sticks to Snakes
   896 | D:1      | Reached XP level 3. HP: 20/29 MP: 4/6
  2227 | D:2      | Noticed Sigmund
  2457 | D:2      | Reached XP level 4. HP: 36/36 MP: 7/7
  2527 | D:2      | Noticed a bullfrog
  2545 | D:2      | Killed a bullfrog
  3141 | D:2      | Reached skill level 4 in Unarmed Combat
  3141 | D:2      | Reached XP level 5. HP: 41/42 MP: 9/9
  3537 | D:3      | Slain by a worm

Vault maps used:
D:1:      dpeg_arrival_leaves_temple_mockup, minmay_octomino_c4
D:2:      uniq_sigmund
D:3:      first_bread, grunt_ministairs_2

Skill      XL: |  1  2  3  4 |
---------------+-------------+-----
Fighting       | 2 |  2.5
Transmutations | 3 |  3.5
Unarmed Combat | 4 |  4.1
Dodging        | |  1.7
Spellcasting   | |  2.8

Action                   |  1- 3 |  4- 6 || total
-------------------------+-------+-------++-------
Melee: Unarmed           |    12 |       ||    12
       Whip              |   180 |   106 ||   286
       Tailslap          |    21 |     9 ||    30
       Kick              |     6 |     8 ||    14
       Punch             |     1 |       ||     1
       Headbutt          |     2 |     9 ||    11
 Cast: Beastly Appendage |    18 |    11 ||    29
       Sticks to Snakes  |       |     2 ||     2
  Use: Scroll            |     4 |       ||     4
       Potion            |       |     1 ||     1
 Stab: Sleeping          |     1 |     1 ||     2
  Eat: Chunk             |     5 |     4 ||     9
Armor: Skin              |    74 |    60 ||   134
Dodge: Dodged            |   134 |    88 ||   222
Block: Buckler           |     6 |    22 ||    28

Table legend:
 A = Spawn XP
 B = Non-spawn XP
 C = Spawn XP percentage of total XP
 D = Spawn monster count
 E = Non-spawn monster count
 F = Spawn count percentage of total count
 G = Total turns spent on level
                    A         B        C        D         E        F      G
               +---------+---------+-------+---------+---------+-------+---------
         Total |       0 |     252 |   0.0 |       0 |      76 |   0.0 |  3537
               +---------+---------+-------+---------+---------+-------+---------
           D:1 |       0 |      62 |   0.0 |       0 |      37 |   0.0 |  1660
           D:2 |       0 |     149 |   0.0 |       0 |      30 |   0.0 |  1580
           D:3 |       0 |      41 |   0.0 |       0 |       9 |   0.0 |   297
               +---------+---------+-------+---------+---------+-------+---------
